 Dungeon Crawl Stone Soup version 0.31-a0-187-gba352fbbf7 (webtiles) character file.

Game seed: 2833281951247623909

49 qw the Shooter (level 3, -2/20 HPs)
             Began as a Deep Elf Hunter on June 22, 2023.
             Slain by a gnoll
             ... wielding a +0 halberd
              (13 damage)
             ... on level 2 of the Dungeon.
             The game lasted 00:00:18 (837 turns).

qw the Shooter (Deep Elf Hunter)                     Turns: 837, Time: 00:00:19

Health: -2/20      AC:  5    Str: 10    XL:     3   Next: 51%
Magic:  5/5        EV: 16    Int: 13    God:
Gold:   70         SH:  0    Dex: 24    Spells: 2/2 levels left

rFire   . . .        Y - +0 shortbow
rCold   . . .        (shield currently unavailable)
rNeg    . . .        g - +0 ring mail
rPois   .            (no helmet)
rElec   .            (no cloak)
rCorr   .            (no gloves)
SInv    .            (no boots)
Will    .....        (no amulet)
Stlth   ++           e - +6 ring of dexterity
HPRegen 0.23/turn    f - +5 ring of evasion
MPRegen 0.09/turn

%: no passive effects
@: no status effects
A: no striking features
a: no special abilities


You were on level 2 of the Dungeon.
You visited 1 branch of the dungeon, and saw 2 of its levels.

You collected 70 gold pieces.


   Skills:
 - Level 1.5 Fighting
 + Level 7.0 Ranged Weapons
 - Level 2.4 Dodging
 - Level 1.2 Stealth


You had 2 spell levels left.
You didn't know any spells.
Your spell library was empty.

Inventory:

Hand Weapons
 Y - a +0 shortbow (weapon)
Armour
 a - a +0 pair of gloves
 g - a +0 ring mail (worn)
Jewellery
 e - a +6 ring of dexterity (left hand)
 f - a +5 ring of evasion (right hand)

Dungeon Overview and Level Annotations

Branches:
Dungeon (2/15)

Altars:

Annotations:
D:2 1 runed translucent door, Crazy Yiuf


Message History

You shoot an arrow. The arrow hits the jackal.
The jackal is severely wounded.
The jackal closely misses you. x2
You shoot an arrow. The arrow hits the jackal.
You kill the jackal!
Things that are here:
a jackal corpse; a jackal corpse You see here a jackal corpse.
A gnoll comes into view. It is wielding a +2 whip of flaming.
You see here 2 fuming puce potions.
You shoot an arrow. The arrow hits the gnoll.
The gnoll shouts!
The gnoll is lightly wounded.
You hear a shout! x2
You shoot an arrow. The arrow hits the gnoll!
The gnoll is almost dead.
A gnoll comes into view. It is wielding a +0 halberd.
You shoot an arrow. The arrow hits the gnoll!
You kill the gnoll!
A gnoll comes into view. It is wielding a +0 spear.
Your Ranged Weapons skill increases to level 7!
830 ||| Stepping ~*~*~tactically~*~*~ (outnumbered).
You shoot an arrow.
The arrow hits the gnoll but does no damage. 2 gnolls come into view.
The gnoll shouts!
You see here 2 fuming puce potions.
833 ||| Stepping ~*~*~tactically~*~*~ (outnumbered).
You shoot an arrow. The arrow closely misses the gnoll.
You shoot an arrow. The arrow hits the gnoll.
The gnoll is lightly wounded.
The gnoll hits you from afar with a +0 halberd.
You shoot an arrow. The arrow closely misses the gnoll.
The gnoll throws a throwing net.
The throwing net completely misses you. The gnoll completely misses you.
You shoot an arrow. The arrow barely misses the gnoll.
The gnoll hits you from afar with a +0 spear.
The gnoll hits you from afar with a +0 halberd!
Ouch! That really hurt!
You die...

##..
#..........#
..#
#.##.#######
#.# #.##.#
#####.####.##.#
#.....%....##.#
#.#...#######.#
#(#%#### #.#
##......## #.>
#....@!gg#
#.##.##g.# #.
#.# ..# # #.#
..# #.# )g# #.#
.g# #. ... ##
..#


You could see 3 gnolls.

Vanquished Creatures
  A gnoll (D:2)
  4 ball pythons (D:1)
  3 bats
  7 endoplasms
  2 giant cockroaches (D:1)
  2 goblins (D:1)
  A hobgoblin (D:1)
  4 jackals (D:2)
  A kobold (D:1)
  3 quokkas (D:1)
  4 frilled lizards
32 creatures vanquished.

Notes
Turn   | Place    | Note
-------+----------+-------------------------------------------
     0 | D:1      | qw the Deep Elf Hunter began the quest for the Orb.
     0 | D:1      | Reached XP level 1. HP: 12/12 MP: 3/3
     0 | D:1      | 0 ||| qw: Version: 0.3-a-9-g12657ce
     0 | D:1      | 0 ||| qw: Game counter: 2111
     0 | D:1      | 0 ||| qw: Always use a shield: true
     0 | D:1      | 0 ||| qw: God list: Okawaru
     0 | D:1      | 0 ||| qw: Allow faded altars: false
     0 | D:1      | 0 ||| qw: Do Orc after D:15 true
     0 | D:1      | 0 ||| qw: Do second Lair branch before Depths: true
     0 | D:1      | 0 ||| qw: Lair rune preference: random
     0 | D:1      | 0 ||| qw: Plans: Normal
     0 | D:1      | 0 ||| PLANNING D:1-11
   223 | D:1      | Reached skill level 6 in Ranged Weapons
   223 | D:1      | Reached XP level 2. HP: 16/16 MP: 4/4
   640 | D:1      | Reached XP level 3. HP: 20/20 MP: 5/5
   656 | D:1      | 656 ||| UPGRADING to +0 ring mail.
   666 | D:1      | 666 ||| DROPPING +0 leather armour.
   667 | D:1      | 667 ||| UPGRADING to +6 ring of dexterity.
   668 | D:1      | 668 ||| UPGRADING to +5 ring of evasion.
   669 | D:1      | 669 ||| READING scroll labelled YNUODGH NUAR.
   670 | D:1      | 670 ||| DROPPING scroll of butterflies.
   715 | D:2      | Found a runed translucent door.
   716 | D:2      | Noticed Crazy Yiuf
   830 | D:2      | Reached skill level 7 in Ranged Weapons
   830 | D:2      | 830 ||| Stepping ~*~*~tactically~*~*~ (outnumbered).
   833 | D:2      | 833 ||| Stepping ~*~*~tactically~*~*~ (outnumbered).
   837 | D:2      | Slain by a gnoll

Levels and vault maps discovered:
D:1:      dpeg_arrival_concentric_ovals, layout_loops_ring
D:2:      cheibrodos_pilgrimage, layout_loops_ring, grunt_ministairs_14,
          uniq_jessica, uniq_crazy_yiuf_cottage

Skill      XL: |  1  2  3 |
---------------+----------+-----
Ranged Weapons | 6 7 |  7.0
Fighting       | |  1.5
Dodging        | |  2.4
Stealth        | |  1.2

Action                     || total
---------------------------++-------
   Fire: Shortbow          ||    74
    Use: Scroll            ||     1
 Armour: Ring mail         ||     5
  Dodge: Dodged            ||    13

Table legend:
 A = Non-vault XP
 B = Vault XP
 C = Vault XP percentage of total XP
 D = Non-vault monster count
 E = Vault monster count
 F = Vault count percentage of total count
                 A         B        C        D         E       F
            +---------+---------+-------+---------+---------+-------
      Total |      70 |       0 |   0.0 |      32 |       0 |   0.0
            +---------+---------+-------+---------+---------+-------
        D:1 |      42 |       0 |   0.0 |      23 |       0 |   0.0
        D:2 |      28 |       0 |   0.0 |       9 |       0 |   0.0
            +---------+---------+-------+---------+---------+-------
